 Dungeon Crawl Stone Soup version 0.31-a0-859-g9dce7d3444 (webtiles) character file.

Game seed: 11141460365324221635

101 Lugonue the Stinger (level 4, -1/31 HPs)
             Began as a Demonspawn Venom Mage on Oct 9, 2023.
             Slain by a goblin
             ... wielding a +0 dagger
             ... led by Robin
              (3 damage)
             ... on level 3 of the Dungeon.
             The game lasted 00:07:15 (2254 turns).

Lugonue the Stinger (Demonspawn Venom Mage)         Turns: 2254, Time: 00:07:15

Health: -1/31      AC:  3    Str: 10    XL:     4   Next: 48%
Magic:  1/8        EV: 11    Int: 16    God:
Gold:   77         SH:  0    Dex: 14    Spells: 6/9 levels left

rFire   . . .        j - +0 dagger
rCold   . . .        (no shield)
rNeg    . . .        h - +0 leather armour
rPois   .            (no helmet)
rElec   .            (no cloak)
rCorr   .            (no gloves)
SInv    +            (no boots)
Will    .....        (no amulet)
Stlth   ++           g - ring of see invisible
HPRegen 1.25/turn    (no ring)
MPRegen 0.11/turn

%: no passive effects
@: very slightly contaminated
A: demonic guardian 1, powered by death 1
a: no special abilities


You were on level 3 of the Dungeon.
You visited 1 branch of the dungeon, and saw 3 of its levels.

You collected 77 gold pieces.

Inventory:

Hand Weapons
 j - a +0 dagger (weapon)
Armour
 h - a +0 leather armour (worn)
Jewellery
 g - a ring of see invisible (left hand)
Scrolls
 d - a scroll of identify
 e - a scroll of immolation


   Skills:
 + Level 0.3 Fighting
 + Level 1.1 Armour
 + Level 1.9 Dodging
 + Level 1.7 Stealth
 + Level 3.2 Spellcasting
 + Level 1.3 Transmutations
 + Level 0.1 Air Magic
 + Level 3.7 Poison Magic


You had 6 spell levels left.
You knew the following spells:

 Your Spells              Type           Power      Damage    Failure   Level
a - Sting                 Tmut/Pois      40%        1d5       9%          1
b - Poisonous Vapours     Pois/Air       16%        N/A       17%         2

Your spell library contained the following spells:

 Spells                   Type           Power      Damage    Failure   Level
 Wereblood                Tmut           6%         N/A       22%         2
 Sublimation of Blood     Necr           2%         N/A       36%         2
 Mephitic Cloud           Conj/Pois/Air  6%         N/A       41%         3
 Olgreb's Toxic Radiance  Pois           14%        N/A       47%         4
 Gell's Gravitas          Tloc           2%         N/A       58%         3
 Teleport Other           Tloc           2%         N/A       58%         3
 Dispersal                Tloc           1%         N/A       100%        6
 Summon Hydra             Summ           1%         N/A       100%        7


Dungeon Overview and Level Annotations

Branches:
Dungeon (3/15)

Altars:

Shops:
D:2 :

Annotations:
D:2 Sigmund
D:3 Robin


Innate Abilities, Weirdness & Mutations

A weak demonic guardian rushes to your aid.
You regenerate a little health from kills.


Message History

You hit the kobold.
The kobold is heavily wounded.
The goblin hits you with a +0 dagger.
* * * LOW HITPOINT WARNING * * *
The kobold misses you. The goblin hits you with a +0 dagger.
* * * LOW HITPOINT WARNING * * *
Unknown command.
You hit the kobold.
You kill the kobold!
The goblin barely misses you. The goblin misses you.
Unknown command.
You hit the dart slug but do no damage.
The dart slug is heavily wounded.
The goblin hits you but does no damage. The goblin hits you with a +0 dagger.
Unknown command.
You hit the dart slug.
The dart slug is severely wounded.
The dart slug bites you.
* * * LOW HITPOINT WARNING * * *
The goblin hits you with a +0 dagger.
* * * LOW HITPOINT WARNING * * *
A demonic guardian appears!
The goblin closely misses you.
You aren't carrying any potions.
Unknown command.
Okay, then.
Unknown command.
You hit the dart slug.
The dart slug is almost dead.
The dart slug launches a dart at you. The slug dart hits you.
* * * LOW HITPOINT WARNING * * *
The goblin closely misses you.
Your shadow imp hits the orc.
The goblin completely misses you.
You hit the dart slug but do no damage.
The dart slug is almost dead.
The orc hits your shadow imp with a +0 flail.
Your shadow imp closely misses the orc.
The goblin hits you with a +0 dagger.
* * * LOW HITPOINT WARNING * * *
The goblin hits you with a +0 dagger.
You die...

......##.........####....
.......#..........#....##
###...#.#.......#........#.
#.. #..##.######.........
#.. ##. #.# #......... ##
#.# ###.$l....## #.#
#o5..)....# ..# #w#.......#
..# #@#......... .#
#gg#.......## #g###.#.##...
gg #......## ..g ........
.... .....b ..... #.....


You could see Robin, a dart slug, an orc (distracted, ally target), 5 goblins
and a friendly shadow imp (summoned).

Vanquished Creatures
  An orc priest (D:3)
  2 adders (D:2)
  2 dart slugs
  2 orcs (D:3)
  3 endoplasms
  4 goblins
  A hobgoblin (D:3)
  A quokka (D:1)
  7 ball pythons
  4 bats (D:2)
  A frilled lizard (D:2)
  4 kobolds
  10 rats
42 creatures vanquished.

Vanquished Creatures (collateral kills)
  A worm (D:2)
  A goblin (D:1)
  2 hobgoblins
4 creatures vanquished.

Grand Total: 46 creatures vanquished

Notes
Turn   | Place    | Note
-------+----------+-------------------------------------------
     0 | D:1      | Lugonue the Demonspawn Venom Mage began the quest for the
                  | Orb.
     0 | D:1      | Reached XP level 1. HP: 13/13 MP: 3/3
   223 | D:1      | Reached skill level 1 in Transmutations
   438 | D:1      | Gained mutation: A weak demonic guardian rushes to your
                  | aid. [demonic ancestry]
   438 | D:1      | Reached XP level 2. HP: 19/19 MP: 3/5
  1002 | D:2      | Noticed Sigmund
  1156 | D:2      | Learned a level 2 spell: Poisonous Vapours
  1396 | D:2      | Gained mutation: You regenerate a little health from kills.
                  | [demonic ancestry]
  1396 | D:2      | Reached XP level 3. HP: 23/24 MP: 3/6
  1586 | D:2      | Noticed a walking divine tome
  1589 | D:2      | Found Xuref's Book Emporium.
  1591 | D:2      | Noticed a walking earthen tome
  1649 | D:2      | Found a faded altar of an unknown god.
  2215 | D:3      | Noticed Robin
  2241 | D:3      | Reached XP level 4. HP: 18/27 MP: 4/8
  2246 | D:3      | Reached skill level 1 in Armour
  2254 | D:3      | Slain by a goblin

Illustrated notes

Levels and vault maps discovered:
D:1:      ncdulo_smallfort, layout_rooms, nicolae_hexahallways
D:2:      layout_loops_cross, serial_shops, nicolae_shop_mannequins,
          nicolae_ecumenical_oubliette, hangedman_decor_clover_reticule,
          minmay_misc_feat_tower, minmay_rat_gold_closets, uniq_sigmund
D:3:      layout_rooms, grunt_ministairs_7, uniq_robin, uniq_natasha

Skill      XL: |  1  2  3  4 |
---------------+-------------+-----
Transmutations | 1 |  1.3
Spellcasting   | 3 |  3.2
Armour         | 1 |  1.1
Fighting       | |  0.3
Dodging        | |  1.9
Stealth        | |  1.7
Air Magic      | |  0.1
Poison Magic   | |  3.7

Action                     |  1- 3 |  4- 6 || total
---------------------------+-------+-------++-------
  Melee: Unarmed           |    36 |       ||    36
         Punch             |     2 |       ||     2
         Dagger            |     7 |     9 ||    16
   Cast: Sting             |    80 |     3 ||    83
         Poisonous Vapours |     6 |       ||     6
    Use: Scroll            |     6 |       ||     6
         Potion            |     4 |     1 ||     5
 Armour: Robe              |     9 |       ||     9
         Leather armour    |    72 |    23 ||    95
  Dodge: Dodged            |    70 |    16 ||    86

Table legend: (Time is in decaauts)
 A = Elapsed time spent in this place.
 B = Non-inter-level travel time spent in this place.
 C = Inter-level travel time spent in this place.
 D = Time resting spent in this place.
 E = Time spent auto-exploring this place.
 F = Levels seen in this place.
 G = Mean time per level.
                   A        B        C        D        E       F      G
               +--------+--------+--------+--------+--------+-----+--------+
         Total |   2252 |   2238 |     14 |      0 |   1759 |   3 |  750.7 |
       Dungeon |   2252 |   2238 |     14 |      0 |   1759 |   3 |  750.7 |
               +--------+--------+--------+--------+--------+-----+--------+

Top non-repeatable levels by time:
     D:2: 1247 daAuts
     D:1: 911 daAuts
     D:3: 93 daAuts
